 Dungeon Crawl Stone Soup version 0.20-a0-507-gc86f373 (webtiles) character file.

2564 useraccount the Spear-Bearer (level 9, -3/67 HPs)
             Began as a Demigod Skald on Jan 22, 2017.
             Slain by an orc warrior
             ... wielding a +0 flail
              (15 damage)
             ... on level 7 of the Dungeon.
             The game lasted 00:13:35 (8906 turns).

useraccount the Spear-Bearer (Demigod Skald)        Turns: 8906, Time: 00:13:36

Health: -3/67      AC: 12    Str: 20    XL:     9   Next: 10%
Magic:  9/15       EV: 11    Int: 17    God:
Gold:   391        SH:  0    Dex: 15    Spells: 3/12 levels left

rFire    . . .     SeeInvis .   b - +0 halberd
rCold    + . .     Gourm    .   u - +3 scale mail {rC+}
rNeg     . . .     Faith    .   (shield currently unavailable)
rPois    +         Spirit   .   o - +0 helmet
rElec    .         Reflect  .   r - +0 cloak
rCorr    .         Harm     .   (no gloves)
MR       .....                  (no boots)
Stlth    ..........             (no amulet)
Regen    0.3/turn               s - ring of poison resistance
                                k - +1 ring of evasion

@: infused, singing
A: high mp 1
a: Stop Singing


You were on level 7 of the Dungeon.
You were not hungry.

You visited 1 branch of the dungeon, and saw 7 of its levels.

You collected 391 gold pieces.

Inventory:

Hand Weapons
 a - a +0 trident
 b - a +0 halberd (weapon)
Armour
 f - a +0 ring mail
 o - a +0 helmet (worn)
 r - a +0 cloak (worn)
 u - a +3 scale mail of cold resistance (worn)
Jewellery
 h - an uncursed ring of flight
 k - a +1 ring of evasion (left hand)
 s - a ring of poison resistance (right hand)
Wands
 t - a wand of polymorph (4/24)
Scrolls
 e - a scroll of recharging
 j - 5 scrolls of teleportation
 m - 3 scrolls of enchant weapon {unknown}
 q - a scroll of blinking {unknown}
 w - 4 scrolls of remove curse
 x - 5 scrolls of identify {unknown}
 y - a scroll of immolation {unknown}
 z - a scroll of amnesia {unknown}
 B - 2 scrolls of enchant armour {unknown}
 D - a scroll of magic mapping {unknown}
Potions
 g - 2 potions of berserk rage {unknown}
 i - 4 potions of curing {unknown}
 l - a potion of brilliance {unknown}
 p - 2 potions of degeneration {unknown}
 v - 2 potions of flight {unknown}
 E - a potion of magic {unknown}
Books
 c - a book of Battle

   Spells                             Type                      Level
   a - Infusion                       Charms                       1
   b - Shroud of Golubria             Charms/Translocation         2
   c - Song of Slaying                Charms                       2
   d - Spectral Weapon                Hexes/Charms                 3
   e - Regeneration                   Charms/Necromancy            3
Comestibles
 d - 5 bread rations
 n - 2 meat rations
 A - 3 fruits
 C - 2 royal jellies


   Skills:
 - Level 2.0 Fighting
 * Level 8.8 Polearms
 - Level 3.0 Armour
 - Level 2.0 Dodging
 - Level 2.0 Spellcasting
 - Level 2.0 Hexes
 + Level 5.7 Charms
 + Level 3.8 Necromancy


You had 3 spell levels left.
You knew the following spells:

 Your Spells              Type           Power        Failure   Level  Hunger
a - Infusion              Chrm           ###.         6%          1    #......
b - Song of Slaying       Chrm           ###.....     10%         2    ###....
c - Spectral Weapon       Hex/Chrm       ###.....     38%         3    ###....
d - Regeneration          Chrm/Necr      ###.......   24%         3    ###....


Dungeon Overview and Level Annotations

Branches:
Dungeon (7/15)
 Temple: D:4-7


Innate Abilities, Weirdness & Mutations

You have an increased reservoir of magic. (+10% MP)


Message History

The orc warrior hits you with a flail!!
You closely miss the orc warrior.
The orc warrior is lightly wounded.
The orc warrior hits you with a flail.
You barely miss the orc warrior.
The orc warrior is lightly wounded.
The orc warrior hits you with a flail.
An orc priest comes into view. It is wielding a flail.
You hit the orc warrior.
The orc warrior is moderately wounded.
You completely miss the orc warrior.
The orc warrior is moderately wounded.
The orc warrior barely misses you.
You hit the orc warrior!
The orc warrior is heavily wounded.
The orc priest calls down the wrath of Beogh upon you.
Beogh smites you!
* * * LOW HITPOINT WARNING * * *
The orc warrior hits you with a flail!
You die...

## #.. #.# #.#
#.#######
#######........
#..............
##............#
#######...####@)###.#
........#.# #o.#
###.....# #o.#
#..#### #..###.###
#..# #......... #..#
#.).##.### ###..#
#...# ##....# #...#
####.....# ##.##


You could see an orc warrior and an orc priest.

Vanquished Creatures
  Pikel (D:6)
  Duvessa (D:6)
  An orc warrior (D:5)
  A phantom (D:5)
  2 sky beasts
  A slave (D:6)
  An ogre (D:4)
  2 centaurs (D:5)
  The ghost of MetaCosm the Twirler, an amateur GrGl (D:3)
  A gnoll sergeant (D:5)
  2 bullfrogs (D:6)
  Dowan (D:6)
  2 scorpions
  A howler monkey (D:4)
  3 crimson imps
  4 jellies
  An orc priest (D:5)
  A centaur skeleton (D:6)
  3 hounds
  Ijyb (D:3)
  Terence (D:3)
  Natasha (D:3)
  2 orc wizards (D:6)
  2 worker ants (D:4)
  2 hound skeletons (D:6)
  A hound zombie (D:6)
  14 adders
  9 gnolls
  2 shadow imps
  3 oozes
  2 worms (D:2)
  A dart slug (D:2)
  6 leopard geckos
  10 orcs
  5 bats
  8 giant cockroaches
  2 hobgoblins
  11 jackals
  4 quokkas
  7 ball pythons
  5 frilled lizards
  4 goblins
  A jackal zombie (D:5)
  2 kobolds (D:3)
  6 rats
  A fungus (D:2)
143 creatures vanquished.

Vanquished Creatures (others)
  A fungus (D:2)
1 creature vanquished.

Grand Total: 144 creatures vanquished

Notes
Turn   | Place    | Note
-------+----------+-------------------------------------------
     0 | D:1      | useraccount the Demigod Skald began the quest for the Orb.
     0 | D:1      | Reached XP level 1. HP: 17/17 MP: 5/5
    22 | D:1      | Reached skill level 1 in Armour
    37 | D:1      | Reached skill level 2 in Polearms
   177 | D:1      | Reached XP level 2. HP: 24/24 MP: 2/7
   193 | D:1      | Learned a level 2 spell: Song of Slaying
  1087 | D:1      | Reached XP level 3. HP: 20/29 MP: 3/8
  1181 | D:1      | Learned a level 3 spell: Spectral Weapon
  1784 | D:2      | Reached skill level 3 in Polearms
  1784 | D:2      | Reached XP level 4. HP: 27/36 MP: 6/9
  2072 | D:2      | Found an iron altar of Okawaru.
  2721 | D:3      | Reached skill level 1 in Hexes
  2723 | D:3      | Noticed MetaCosm's ghost (amateur GrGl)
  2920 | D:3      | Noticed Terence
  2943 | D:3      | Killed Terence
  2943 | D:3      | Reached XP level 5. HP: 41/41 MP: 7/10
  3064 | D:3      | Noticed Ijyb
  3086 | D:3      | Killed Ijyb
  3086 | D:3      | Reached skill level 4 in Polearms
  3478 | D:3      | Noticed Natasha
  3484 | D:3      | Killed Natasha
  4086 | D:4      | Reached XP level 6. HP: 48/48 MP: 11/11
  4310 | D:4      | Reached skill level 5 in Polearms
  4864 | D:3      | Killed MetaCosm's ghost
  4968 | D:5      | Entered Level 5 of the Dungeon
  5234 | D:4      | Reached XP level 7. HP: 49/55 MP: 13/13
  5687 | D:4      | Learned a level 3 spell: Regeneration
  5706 | D:5      | Reached skill level 6 in Polearms
  6169 | D:5      | Reached skill level 1 in Necromancy
  6360 | D:5      | Reached skill level 7 in Polearms
  6484 | D:5      | Found a bloodstained altar of Trog.
  6506 | D:5      | Reached XP level 8. HP: 61/61 MP: 10/14
  6725 | D:5      | Found a shattered altar of Ashenzari.
  6787 | D:5      | Found a snail-covered altar of Cheibriados.
  7028 | D:6      | Noticed Dowan
  7034 | D:6      | Noticed Duvessa
  7045 | D:6      | Killed Duvessa
  7418 | D:6      | Reached skill level 5 in Charms
  7424 | D:6      | Killed Dowan
  7869 | D:6      | Reached skill level 8 in Polearms
  8037 | D:6      | Noticed Pikel
  8083 | D:6      | Killed Pikel
  8083 | D:6      | Reached XP level 9. HP: 25/67 MP: 12/15
  8499 | D:6      | Found a glowing golden altar of the Shining One.
  8718 | D:6      | Found a blossoming altar of Fedhas.
  8906 | D:7      | Slain by an orc warrior

Vault maps used:
D:1:      lemuel_arrival_room
D:2:      lemuel_doored_altar, first_bread, minmay_gold_behind_fungi
D:3:      minmay_misc_feat_tower, uniq_natasha, uniq_terence, uniq_iyjb
D:4:      minmay_snake_closets
D:5:      kennysheep_little_box, cheibrodos_ashenzari_chains,
          gup_sewer_entry_bowl, trog_three_pillars_becter
D:6:      tso_metal_star, marbit_many_paths, uniq_pikel, uniq_duvessa
D:7:      lemuel_crystal_altar, old_standard_altar, grunt_temple_overflow_open,
          uniq_menkaure

Skill      XL: |  1  2  3  4  5  6  7  8 |
---------------+-------------------------+-----
Armour         | 1 2 3 |  3.0
Polearms       | 2 3 4 5 7 8 |  8.8
Dodging        | 2 |  2.0
Fighting       | 2 |  2.0
Spellcasting   | 2 |  2.0
Charms         | 3 4 5 |  5.7
Hexes          | 1 2 |  2.0
Necromancy     | 1 3 |  3.8

Action                   |  1- 3 |  4- 6 |  7- 9 || total
-------------------------+-------+-------+-------++-------
Melee: Spear             |   120 |   273 |       ||   393
       Trident           |       |    52 |   132 ||   184
       Halberd           |       |       |   196 ||   196
 Cast: Infusion          |     9 |    15 |    15 ||    39
       Song of Slaying   |     1 |       |     1 ||     2
       Spectral Weapon   |       |     2 |       ||     2
  Use: Scroll            |     3 |     1 |       ||     4
 Stab: Sleeping          |     1 |       |       ||     1
  Eat: Chunk             |     3 |    10 |    14 ||    27
Armor: Leather armour    |    12 |       |       ||    12
       Ring mail         |    21 |    22 |       ||    43
       Skin              |       |    17 |       ||    17
       Scale mail        |       |    75 |   127 ||   202
Dodge: Dodged            |    74 |   130 |   154 ||   358
